 Dungeon Crawl Stone Soup version 0.18.1-47-g9310371 (webtiles) character file.

51 matakusis the Charmwright (level 3, -6/25 HPs)
             Began as a High Elf Skald on June 19, 2016.
             Mangled by Sigmund
             ... wielding a +0 scythe
              (10 damage)
             ... on level 2 of the Dungeon.
             The game lasted 00:06:34 (1527 turns).

matakusis the Charmwright (High Elf Skald)          Turns: 1527, Time: 00:06:35

Health: -6/25      AC:  5    Str: 11    XL:     3   Next: 57%
Magic:  2/8        EV: 11    Int: 15    God:
Gold:   74         SH:  0    Dex: 16    Spells: 2 memorised, 5 levels left

rFire  . . .     SeeInvis .     a - +0 falchion
rCold  . . .     Gourm    .     b - +0 leather armour
rNeg   . . .     Faith    .     (no shield)
rPois  .         Spirit   .     o - +2 hat
rElec  .         Dismiss  .     (no cloak)
rCorr  .         Reflect  .     (no gloves)
SustAt .         Harm     .     (no boots)
MR     .....                    (no amulet)
Stlth  +.........               (no ring)
                                j - +1 ring of slaying

@: drained, not resistant to hostile enchantments, very unstealthy
A: no striking features
a: no special abilities


You were on level 2 of the Dungeon.
You were hungry.

You visited 1 branch of the dungeon, and saw 2 of its levels.

You collected 74 gold pieces.

Inventory:

Hand Weapons
 a - a +0 falchion (weapon)
Armour
 b - a +0 leather armour (worn)
 o - a +2 hat (worn)
Jewellery
 j - a +1 ring of slaying (left hand)
Scrolls
 e - 2 scrolls of identify {unknown}
 i - a scroll of random uselessness {unknown}
 k - a scroll of fear {unknown}
 m - 2 scrolls of enchant weapon {unknown}
 n - a scroll of remove curse {unknown}
 p - a scroll of fog {unknown}
Potions
 q - a potion of degeneration {unknown}
Books
 c - a book of Battle

   Spells                             Type                      Level
   a - Infusion                       Charms                       1
   b - Shroud of Golubria             Charms/Translocation         2
   c - Song of Slaying                Charms                       2
   d - Spectral Weapon                Hexes/Charms                 3
   e - Regeneration                   Charms/Necromancy            3
Comestibles
 d - a bread ration
 f - 5 chunks of flesh
 g - a slice of pizza
 h - 2 fruits


   Skills:
 + Level 2.4(2.3) Fighting
 + Level 2.8(2.7) Long Blades
 + Level 0.8 Armour
 + Level 1.2(1.1) Dodging
 + Level 3.1 Spellcasting
 + Level 4.4 Charms
 + Level 0.2 Translocations


You had 5 spell levels left.
You knew the following spells:

 Your Spells              Type           Power        Failure   Level  Hunger
a - Infusion              Chrm           ###.         4%          1    #......
b - Shroud of Golubria    Chrm/Tloc      #.........   17%         2    ##.....


Dungeon Overview and Level Annotations

Branches:
Dungeon (2/15)

Altars:
Qazlal

Annotations:
D:2 Sigmund


Message History

A magic dart appears from out of thin air!
The magic dart hits you!
Your leather armour prevents you from hitting something.
Something hits you.
* * * LOW HITPOINT WARNING * * *
Drink which item? (? for menu, Esc to quit)
It was a potion of heal wounds.
You feel much better. Something hits you.
You are feeling hungry.
You hit something.
You are no longer magically infusing your attacks.
You closely miss something.
You hear some strange, mumbled words.
A magic dart appears from out of thin air!
The magic dart hits you! Something hits you!
* * * LOW HITPOINT WARNING * * *
You closely miss something. You barely miss something. Something hits you.
* * * LOW HITPOINT WARNING * * *
You barely miss something. Something hits you!
You die...

#..###########..## ##.# #..#
####### #### #..# #.. .. #.. #..#
####.##.# #### ####..# #.....#.#
##.# ......# #.....#.# ##..##
#...#.# #.>...#.# #.....
#...#.########.##.##.#######...##
#...#...........@..............#
#...##########.##{##.#######...##
##### #.................[.
...#.##.######...... ....#.# #
#....## .....#.# #####....##
......... .........## #......#.#
#####..#... ..........


There were no monsters in sight!

Vanquished Creatures
  An adder (D:2)
  A worm (D:2)
  A dart slug (D:1)
  A giant gecko (D:2)
  2 giant cockroaches (D:1)
  6 goblins
  5 hobgoblins
  4 kobolds (D:1)
  A quokka (D:2)
  A ball python (D:2)
  6 bats
  2 giant newts (D:2)
  3 rats
34 creatures vanquished.

Notes
Turn   | Place    | Note
--------------------------------------------------------------
     0 | D:1      | matakusis the High Elf Skald began the quest for the Orb.
     0 | D:1      | Reached XP level 1. HP: 14/14 MP: 4/4
   443 | D:1      | Reached XP level 2. HP: 17/19 MP: 1/6
   509 | D:1      | Reached skill level 4 in Charms
   956 | D:1      | Learned a level 2 spell: Shroud of Golubria
  1055 | D:2      | Reached XP level 3. HP: 21/25 MP: 6/8
  1097 | D:2      | Found a stormy altar of Qazlal.
  1506 | D:2      | Noticed Sigmund
  1527 | D:2      | Mangled by Sigmund

Skill      XL: |  1  2  3 |
---------------+----------+-----
Charms         | 4 |  4.4
Spellcasting   | 3 |  3.1
Fighting       | |  2.4
Long Blades    | |  2.8
Armour         | |  0.8
Dodging        | |  1.2
Translocations | |  0.2

Action                   || total
-------------------------++-------
Melee: Falchion          ||    92
 Cast: Infusion          ||    14
       Shroud of Golubri ||     5
  Use: Potion            ||     1
 Stab: Sleeping          ||     1
  Eat: Chunk             ||     2
Armor: Leather armour    ||    28
Dodge: Dodged            ||    37
